 Dungeon Crawl Stone Soup version 0.23-a0-33-g1e3a2e4 (webtiles) character file.

354 Dordric the Ducker (level 6, 0/44 HPs)
             Began as a Human Gladiator on Aug 4, 2018.
             Slain by an orc
             ... wielding a cursed -3 trident
              (4 damage)
             ... on level 4 of the Dungeon.
             The game lasted 00:07:38 (3522 turns).

Dordric the Ducker (Human Gladiator)                Turns: 3522, Time: 00:07:38

Health: 0/44       AC:  5    Str: 14    XL:     6   Next: 95%
Magic:  6/6        EV: 15    Int:  8    God:
Gold:   236        SH:  0    Dex: 17    Spells: 5/5 levels left

rFire    + . .     SeeInvis .   a - +0 long sword
rCold    . . .     Gourm    .   (no shield)
rNeg     . . .     Faith    .   b - +0 leather armour
rPois    .         Spirit   .   c - +0 helmet
rElec    .         Reflect  .   (no cloak)
rCorr    .         Harm     .   k - +0 pair of gloves
MR       +....                  (no boots)
Stlth    +.........             m - amulet of regeneration
HPRegen  0.54/turn              v - ring of protection from magic
MPRegen  0.10/turn              r - ring of protection from fire

@: slowed, very slow
A: no striking features
a: no special abilities


You were on level 4 of the Dungeon.
You were not hungry.

You visited 1 branch of the dungeon, and saw 5 of its levels.

You collected 236 gold pieces.

Inventory:

Hand Weapons
 a - a +0 long sword (weapon)
Missiles
 g - a throwing net (quivered)
Armour
 b - a +0 leather armour (worn)
 c - a +0 helmet (worn)
 k - a +0 pair of gloves (worn)
 l - a +0 ring mail
 t - a +0 scale mail
Jewellery
 j - an uncursed ring of fire
 m - an amulet of regeneration (around neck)
 n - a cursed ring of attention
 r - a ring of protection from fire (right hand)
 v - a ring of protection from magic (left hand)
Wands
 o - a wand of digging (16)
Scrolls
 e - 2 scrolls of teleportation {unknown}
 h - 3 scrolls of amnesia
 i - a scroll of magic mapping {unknown}
 s - a scroll of remove curse {unknown}
Potions
 p - a potion of flight {unknown}
 q - a potion of brilliance {unknown}
 u - 2 potions of degeneration {unknown}
 w - a potion of agility {unknown}
Comestibles
 f - 7 rations


   Skills:
 - Level 2.0 Fighting
 + Level 5.5 Long Blades
 - Level 2.0 Throwing
 + Level 5.5 Dodging


You had 5 spell levels left.
You didn't know any spells.
Your spell library was empty.

Dungeon Overview and Level Annotations

Branches:
Dungeon (5/15)
 Temple: D:4-7

Altars:
Ashenzari
Dithmenos
Hepliaklqana


Message History

The magic dart hits you! The orc wizard closely misses you.
The orc completely misses you.
The orc wizard gestures at you while chanting.
The magic dart hits you!
* * * LOW HITPOINT WARNING * * *
The orc completely misses you.
You hit the orc wizard.
The orc wizard is lightly wounded.
The orc wizard hits you but does no damage. x2
The orc closely misses you.
You closely miss the orc wizard.
The orc wizard is lightly wounded.
The orc wizard hits you with a dagger.
* * * LOW HITPOINT WARNING * * *
The orc wizard barely misses you. The orc closely misses you.
The orc wizard casts a spell at you. The magic dart hits you!
* * * LOW HITPOINT WARNING * * *
The orc hits you from afar with an enchanted trident.
You die...

#..(........
#...........
#######...........
#.................
#.################
#.# #.# #.# #@###
#o..# ###o# #)#
#.....# #.#####


You could see an orc wizard and an orc.

Vanquished Creatures
  A crimson imp (D:3)
  An orc priest (D:4)
  2 orc wizards
  A hound (D:4)
  Terence (D:2)
  3 gnolls (D:2)
  5 adders
  2 oozes
  3 worms
  3 leopard geckos
  9 orcs
  3 ball pythons
  2 giant cockroaches (D:3)
  11 goblins
  5 hobgoblins
  6 jackals
  A quokka (D:3)
  7 bats
  7 kobolds
  6 rats
79 creatures vanquished.

Notes
Turn   | Place    | Note
-------+----------+-------------------------------------------
     0 | D:1      | Dordric the Human Gladiator began the quest for the Orb.
     0 | D:1      | Reached XP level 1. HP: 16/16 MP: 1/1
    53 | D:1      | Reached XP level 2. HP: 10/22 MP: 2/2
   532 | D:1      | Reached XP level 3. HP: 25/27 MP: 3/3
  1167 | D:2      | Found a hazy altar of Hepliaklqana.
  1179 | D:2      | Noticed Terence
  1197 | D:2      | Killed Terence
  1197 | D:2      | Reached XP level 4. HP: 29/33 MP: 4/4
  1640 | D:2      | Found a shattered altar of Ashenzari.
  1802 | D:2      | Reached XP level 5. HP: 34/38 MP: 5/5
  1866 | D:3      | Found a shadowy altar of Dithmenos.
  2399 | D:3      | Reached XP level 6. HP: 26/44 MP: 6/6
  2570 | D:3      | Reached skill level 5 in Long Blades
  2570 | D:3      | Reached skill level 5 in Dodging
  3031 | D:5      | Entered Level 5 of the Dungeon
  3522 | D:4      | Slain by an orc

Vault maps used:
D:1:      dpeg_arrival_pits
D:2:      nicolae_overflow_hidden_temple, old_standard_altar, uniq_terence
D:3:      lemuel_crystal_altar
D:4:      nicolae_qazlal_eye_of_the_storm, first_ration
D:5:      good_gods_mini_temple, okawaru_trees_1, slow_altar_1, serial_shops,
          shop_coins, biasface_ghost_orc_armoury,
          nicolae_ossuary_entry_catacombs

Skill      XL: |  1  2  3  4  5  6 |
---------------+-------------------+-----
Long Blades    | 4 5 |  5.5
Dodging        | 4 5 |  5.5
Fighting       | |  2.0
Throwing       | |  2.0

Action                   |  1- 3 |  4- 6 || total
-------------------------+-------+-------++-------
Melee: Long sword        |    85 |   192 ||   277
Throw: Throwing net      |       |     3 ||     3
  Use: Scroll            |     3 |     2 ||     5
 Stab: Sleeping          |     1 |       ||     1
       Held in net/web   |       |     1 ||     1
  Eat: Chunk             |     1 |     8 ||     9
Armor: Leather armour    |     6 |    21 ||    27
       Ring mail         |    31 |    36 ||    67
Dodge: Dodged            |    90 |   164 ||   254
       Rpst.: Long sword |    31 |    43 ||    74

Table legend:
 A = Spawn XP
 B = Non-spawn XP
 C = Spawn XP percentage of total XP
 D = Spawn monster count
 E = Non-spawn monster count
 F = Spawn count percentage of total count
 G = Total turns spent on level
                    A         B        C        D         E        F      G
               +---------+---------+-------+---------+---------+-------+---------
         Total |       0 |     507 |   0.0 |       0 |      79 |   0.0 |  3522
               +---------+---------+-------+---------+---------+-------+---------
           D:1 |       0 |      39 |   0.0 |       0 |      21 |   0.0 |   889
           D:2 |       0 |     101 |   0.0 |       0 |      15 |   0.0 |   977
           D:3 |       0 |     187 |   0.0 |       0 |      27 |   0.0 |  1093
           D:4 |       0 |     170 |   0.0 |       0 |      12 |   0.0 |   473
           D:5 |       0 |      10 |   0.0 |       0 |       4 |   0.0 |    90
               +---------+---------+-------+---------+---------+-------+---------
